 Dungeon Crawl Stone Soup version 0.27.0-1-g7a089689b8 (webtiles) character file.

Game seed: 7410365728423135601

71 rogsnak the Poker (level 4, -7/34 HPs)
             Began as a Merfolk Gladiator on Aug 12, 2021.
             Was a Plaything of Xom.
             Mangled by an ogre (17 damage)
             ... on level 3 of the Dungeon.
             The game lasted 00:04:01 (2042 turns).

rogsnak the Poker (Merfolk Gladiator)               Turns: 2042, Time: 00:04:01

Health: -7/34      AC:  7    Str: 15    XL:     4   Next: 24%
Magic:  4/4        EV: 13    Int:  7    God:    Xom [..*...]
Gold:   241        SH:  0    Dex: 21    Spells: 3/3 levels left

rFire    . . .     SeeInvis .   a - +0 trident
rCold    . . .     Faith    .   (no shield)
rNeg     . . .     Spirit   .   e - +0 ring mail
rPois    .         Reflect  .   c - +0 helmet
rElec    .         Harm     .   (no cloak)
rCorr    .         Rampage  .   p - +0 pair of gloves
Will     .....                  (no boots)
Stlth    +.........             (no amulet)
HPRegen  0.11/turn              h - +6 ring of dexterity
MPRegen  0.09/turn              (no ring)

@: no status effects
A: (nimble swimmer 2), mertail
a: Renounce Religion


You were on level 3 of the Dungeon.
You worshipped Xom.
You were a toy of Xom.
You visited 1 branch of the dungeon, and saw 3 of its levels.

You collected 241 gold pieces.

Inventory:

Hand Weapons
 a - a +0 trident (weapon)
Missiles
 d - 3 throwing nets (quivered)
 m - 15 stones
Armour
 b - a +0 leather armour
 c - a +0 helmet (worn)
 e - a +0 ring mail (worn)
 p - a +0 pair of gloves (worn)
Magical Staves
 q - a staff of poison
Jewellery
 h - a +6 ring of dexterity (left hand)
 k - a ring of fire
Scrolls
 f - 4 scrolls of identify {unknown}
 i - 2 scrolls of teleportation {unknown}
 j - a scroll of holy word {unknown}
Potions
 g - 2 potions of brilliance {unknown}
 l - a potion of might {unknown}
 n - a potion of magic {unknown}
 o - 2 potions of heal wounds {unknown}


   Skills:
 + Level 2.5 Fighting
 + Level 5.9 Polearms
 + Level 2.0 Throwing
 + Level 0.8 Armour
 + Level 4.6 Dodging
 + Level 0.5 Stealth


You had 3 spell levels left.
You didn't know any spells.
Your spell library contained the following spells:

 Spells                   Type           Power      Damage    Failure   Level
 Magic Dart               Conj           0%         1d3       67%         1
 Call Imp                 Summ           0%         N/A       80%         2
 Ensorcelled Hibernation  Hex/Ice        0%         N/A       80%         2
 Mephitic Cloud           Conj/Pois/Air  0%         N/A       95%         3
 Spider Form              Tmut/Pois      0%         N/A       95%         3
 Shadow Creatures         Summ           N/A        N/A       100%        6


Dungeon Overview and Level Annotations

Branches:
Dungeon (3/15)

Altars:
Xom

Annotations:
D:3 Sigmund


Innate Abilities, Weirdness & Mutations

((You are quick and stealthy near water. (Stealth+, EV+, Speed+++)))
Your lower body shifts to a powerful aquatic tail in water.


Message History

You finish taking off your +0 leather armour.
You start putting on your armour.
You continue putting on your +0 ring mail. x5
You finish putting on your +0 ring mail.
You now have 241 gold pieces (gained 15).
Found a gnarled runed staff.
You see here a staff of poison.
q - a staff of poison An ogre comes into view.
It is wielding a +0 giant spiked club. "See what I see, my child!"
You detect nothing.
You barely miss the ogre. The ogre closely misses you.
You hit the ogre.
The ogre is lightly wounded.
The ogre barely misses you.
You hit the ogre.
The ogre is moderately wounded.
The ogre barely misses you.
You hit the ogre.
The ogre is moderately wounded.
The ogre hits you with a +0 giant spiked club!!
Ouch! That really hurt!
* * * LOW HITPOINT WARNING * * *
You are too injured to fight recklessly!
Unknown command.
You hit the ogre but do no damage.
The ogre is moderately wounded.
You hit the ogre.
The ogre is heavily wounded.
The ogre barely misses you.
You barely miss the ogre.
The ogre is heavily wounded.
Xom grants you insight.
You detect items!
The ogre misses you.
You hit the ogre but do no damage.
The ogre is heavily wounded.
The ogre hits you with a +0 giant spiked club!
Ouch! That really hurt!
You die...
Xom guffaws!

##### #...# #...#
###...#
###################.#
#......
................@O..#
#.#...#
#####################
#.#...#
#..................#
#.#...#
#.####..##########.#
#.#.#.# #.#..#..# #<#
#.#.#.# #.#.....# ###
#.#.... #.##.##.###
#.###.# #.........#
#.#.... ####....#.#
#.#####


You could see an ogre.

Vanquished Creatures
  2 adders (D:2)
  2 worms
  3 endoplasms
  3 giant cockroaches
  6 goblins
  5 hobgoblins
  2 jackals (D:3)
  4 quokkas
  4 ball pythons
  5 bats (D:1)
  A frilled lizard (D:2)
  4 kobolds
  4 rats
45 creatures vanquished.

Vanquished Creatures (others)
  A plant (D:1)
  4 toadstools (D:1)
5 creatures vanquished.

Grand Total: 50 creatures vanquished

Notes
Turn   | Place    | Note
-------+----------+-------------------------------------------
     0 | D:1      | rogsnak the Merfolk Gladiator began the quest for the Orb.
     0 | D:1      | Reached XP level 1. HP: 16/16 MP: 1/1
     6 | D:1      | Noticed a hog
     6 | D:1      | Noticed a rime drake
     6 | D:1      | Noticed a polar bear
     7 | D:1      | Noticed a snapping turtle
     7 | D:1      | Noticed a black mamba
    39 | D:1      | Found a faded altar of an unknown god.
    43 | D:1      | Became a worshipper of Xom the Begetter of Turbulence
    81 | D:1      | XOM: silly message
   307 | D:1      | Reached XP level 2. HP: 22/22 MP: 2/2
   392 | D:1      | Reached skill level 5 in Polearms
   508 | D:1      | XOM: cloud trail
   639 | D:1      | Reached XP level 3. HP: 24/27 MP: 3/3
  1401 | D:2      | Reached XP level 4. HP: 34/34 MP: 4/4
  1554 | D:2      | XOM: noise
  1663 | D:3      | Noticed Sigmund
  2030 | D:3      | Noticed an ogre
  2034 | D:3      | XOM: divination: detect creatures
  2041 | D:3      | XOM: divination: detect items
  2042 | D:3      | Mangled by an ogre

Illustrated notes

Levels and vault maps discovered:
D:1:      onia_arrival_zoo_common, layout_basic, serial_bayou,
          serial_bayou_shore_a, serial_bayou_ford_a, serial_bayou_pond_d,
          serial_bayou_pond_a, serial_bayou_pond_b,
          chequers_ecumenical_altar_simple_redux, minmay_gold_behind_fungi,
          chequers_serial_rivers_small_3
D:2:      layout_basic
D:3:      layout_basic, uniq_sigmund

Skill      XL: |  1  2 |
---------------+-------+-----
Polearms       | 5 |  5.9
Fighting       | |  2.5
Throwing       | |  2.0
Armour         | |  0.8
Dodging        | |  4.6
Stealth        | |  0.5

Action                   |  1- 3 |  4- 6 || total
-------------------------+-------+-------++-------
Melee: Trident           |   101 |    24 ||   125
 Stab: Sleeping          |     3 |       ||     3
Armor: Leather armour    |    21 |     2 ||    23
Dodge: Dodged            |    53 |     9 ||    62
